 Dungeon Crawl Stone Soup version 0.29.1-13-g9f3cf754e1 (webtiles) character file.

Game seed: 16096242394092406308

51 Exodus22XD the Covered (level 3, 33/33 HPs)
             Began as a Minotaur Fighter on Feb 4, 2023.
             Was an Initiate of Ashenzari.
             Quit the game on level 2 of the Dungeon.
             The game lasted 00:03:08 (1623 turns).

Exodus22XD the Covered (Minotaur Fighter)           Turns: 1623, Time: 00:03:08

Health: 33/33      AC: 11    Str: 28    XL:     3   Next: 58%
Magic:  2/2        EV:  7    Int:  5    God:    Ashenzari [......]
Gold:   107        SH:  4    Dex:  9    Spells: 2/2 levels left

rFire   . . .      SeeInvis .   a - +0 war axe
rCold   . . .      Faith    .   c - +0 buckler
rNeg    . . .      Spirit   .   l - +0 plate armour
rPois   .          Reflect  .   (helmet restricted)
rElec   .          Harm     .   (no cloak)
rCorr   .          Rampage  .   (no gloves)
Will    +....                   (no boots)
Stlth   ..........              (no amulet)
HPRegen 0.11/turn               g - +6 ring of strength
MPRegen 0.08/turn               k - ring of willpower

@: no status effects
A: horns 2, retaliatory headbutt
a: Renounce Religion


You were on level 2 of the Dungeon.
You worshipped Ashenzari.
Ashenzari was noncommittal.
You visited 1 branch of the dungeon, and saw 2 of its levels.

You collected 107 gold pieces.

Inventory:

Hand Weapons
 a - a +0 war axe (weapon)
Armour
 c - a +0 buckler (worn)
 l - a +0 plate armour (worn)
Jewellery
 g - a +6 ring of strength (left hand)
 k - a ring of willpower (right hand)
Scrolls
 f - 2 scrolls of fear {unknown}
 i - 2 scrolls of poison {unknown}
 j - 2 scrolls of identify {unknown}
 m - a scroll of butterflies {unknown}
 n - a scroll of brand weapon {unknown}
Potions
 b - 3 potions of mutation {unknown}
 d - 2 potions of might
 e - a potion of heal wounds {unknown}
 h - a potion of haste {unknown}


   Skills:
 + Level 4.0 Fighting
 + Level 3.4 Axes
 + Level 4.3 Armour
 + Level 4.1 Shields


You had 2 spell levels left.
You didn't know any spells.
Your spell library was empty.

Dungeon Overview and Level Annotations

Branches:
Dungeon (2/15)

Altars:
Ashenzari


Innate Abilities, Weirdness & Mutations

You have a pair of horns on your head.
You reflexively headbutt those who attack you in melee.


Message History

You kill the kobold!
You barely miss the bat. You closely miss the goblin.
You block the bat's attack. The goblin hits you but does no damage.
There are monsters nearby!
You hit the goblin.
The goblin is heavily wounded.
The bat hits you but does no damage. You block the goblin's attack.
There are monsters nearby!
You closely miss the goblin. You headbutt the goblin.
You kill the goblin!
The bat hits you but does no damage.
A bat is nearby!
You barely miss the bat. The bat hits you but does no damage.
Found a robe.
You block the bat's attack. The bat hits you but does no damage.
Things that are here:
a +0 club; a goblin corpse A bat is nearby!
You slash the bat!
You kill the bat!
i - 2 scrolls labelled GEVVUX SARA (gained 1)
Found a stone staircase leading up.
No target in view!
You open the door.
Found a faded altar of an unknown god.
Found a stone staircase leading down.
There is an open door here.
No target in view!
A rat comes into view.
A rat is nearby!
You barely miss the rat. You block the rat's attack. The rat barely misses you.
You closely miss the rat. The rat bites you but does no damage.
You hit the rat.
You kill the rat!
No target in view!
There is a stone staircase leading down here.
There is a faded altar of an unknown god here.
You cannot tell which god this altar belongs to.
Convert to them anyway?
Ashenzari accepts your prayer! Ashenzari welcomes you!
Ashenzari warns you of distant threats and treasures.
Ashenzari reveals the structure of the dungeon to you.
Ashenzari shows you where magical portals lie.
Are you sure you want to abandon this character and quit the game? (Confirm with "yes".)

#.# ##.###.# ##'##
#......# ##...##
#.#.#####
##))†..## #.##.#
#.......## ###..##
.........####...>#
.........'.......#
.........####....#
#.......## ##.#@#
.......## ###.#
##.[..## #.#
#.#+## #.# ... #.#
#< ..# ###


There were no monsters in sight!

Vanquished Creatures
  2 adders (D:2)
  2 dart slugs
  A ball python (D:2)
  6 bats
  2 endoplasms
  2 goblins
  5 hobgoblins
  A quokka (D:1)
  2 frilled lizards (D:1)
  3 kobolds
  4 rats
30 creatures vanquished.

Notes
Turn   | Place    | Note
-------+----------+-------------------------------------------
     0 | D:1      | Exodus22XD the Minotaur Fighter began the quest for the
                  | Orb.
     0 | D:1      | Reached XP level 1. HP: 19/19 MP: 0/0
     2 | D:1      | Noticed a demigod
     2 | D:1      | Noticed a vine stalker
     4 | D:1      | Noticed a vampire
     4 | D:1      | Noticed a troll
     6 | D:1      | Noticed an elf
     6 | D:1      | Noticed a meteoran
     8 | D:1      | Noticed a merfolk
     8 | D:1      | Noticed a tengu
    10 | D:1      | Noticed a formicid
    10 | D:1      | Noticed an ogre
    12 | D:1      | Noticed a demonspawn
    14 | D:1      | Noticed an octopode
    16 | D:1      | Noticed a minotaur
    16 | D:1      | Noticed a naga
    18 | D:1      | Noticed a human
    18 | D:1      | Noticed a draconian
    20 | D:1      | Noticed a gargoyle
    20 | D:1      | Noticed a felid
    22 | D:1      | Noticed a ghoul
    22 | D:1      | Noticed a spriggan
    24 | D:1      | Noticed a palentonga
    24 | D:1      | Noticed an elf
    26 | D:1      | Noticed a ghoul
   483 | D:1      | Reached XP level 2. HP: 26/27 MP: 1/1
  1296 | D:2      | Reached XP level 3. HP: 33/33 MP: 2/2
  1592 | D:2      | Found a faded altar of an unknown god.
  1622 | D:2      | Prayed at the altar of an unknown god.
  1622 | D:2      | Became a worshipper of Ashenzari the Shackled
  1623 | D:2      | Quit the game

Illustrated notes

Levels and vault maps discovered:
D:1:      kb_arrival_jail, layout_basic
D:2:      minmay_evil_eye, layout_loops_corners, basic_ecumenical_altar

Skill      XL: |  1  2 |
---------------+-------+-----
Shields        | 4 |  4.1
Armour         | 4 |  4.3
Fighting       | 4 |  4.0
Axes           | 3 |  3.4

Action                   || total
-------------------------++-------
Melee: War axe           ||    62
       Headbutt          ||     7
Armor: Scale mail        ||    14
       Plate armour      ||    16
Dodge: Dodged            ||    37
Block: Buckler           ||    19
